 Dungeon Crawl Stone Soup version 0.22.0-27-ga576289601 (webtiles) character file.

64364 Flugkiller the Severer (level 14, -4/133 HPs)
             Began as a Deep Dwarf Fighter on Aug 22, 2018.
             Was a High Priest of Makhleb.
             Slain by an orc warrior
             ... wielding a +0 dire flail
              (16 damage)
             ... on level 2 of the Orcish Mines.
             The game lasted 00:19:09 (15715 turns).

Flugkiller the Severer (Deep Dwarf Fighter)        Turns: 15715, Time: 00:19:10

Health: -4/133     AC: 11    Str: 25    XL:     14   Next: 71%
Magic:  3/3        EV: 16    Int:  9    God:    Makhleb [*****.]
Gold:   805        SH: 11    Dex: 17    Spells: 13/13 levels left

rFire    . . .     SeeInvis .   O - +0 broad axe
rCold    . . .     Gourm    .   c - +0 shield
rNeg     + . .     Faith    .   L - +1 ring mail "Ycwenuez" {Slay+5} (curse)
rPois    .         Spirit   .   D - +0 helmet
rElec    .         Reflect  .   (no cloak)
rCorr    .         Harm     .   (no gloves)
MR       ++...                  H - +0 pair of boots
Stlth    ++........             (no amulet)
HPRegen  0.00/turn              e - +5 ring of dexterity
MPRegen  0.08/turn              s - ring of stealth

@: non-regenerating
A: damage resistance, heal wounds, negative energy resistance 1, sense
surroundings 2, no regeneration
a: Heal Wounds, Minor Destruction, Lesser Servant of Makhleb, Major Destruction,
Greater Servant of Makhleb, Renounce Religion


You were on level 2 of the Orcish Mines.
You worshipped Makhleb.
Makhleb was extremely pleased with you.
You were not hungry.

You visited 3 branches of the dungeon, and saw 23 of its levels.
You also visited: Labyrinth.

You collected 1435 gold pieces.
You spent 630 gold pieces at shops.

Inventory:

Hand Weapons
 q - a +1 war axe of freezing
 O - a +0 broad axe (weapon)
Armour
 b - a +0 scale mail
 c - a +0 shield (worn)
 D - a +0 helmet (worn)
 H - a +0 pair of boots (worn)
 L - the cursed +1 ring mail "Ycwenuez" (worn) {Slay+5}
   (You bought it in a shop on level 4 of the Dungeon)

   It affects your accuracy and damage with ranged weapons and melee attacks
   (+5).
   It has a curse placed upon it.
 M - a +2 chain mail of poison resistance
 N - the cursed +0 plate armour of the Peasants {SInv, unknown}
   (You found it on level 2 of the Lair of Beasts)

   It lets you see invisible.
   It has a curse placed upon it.
Jewellery
 e - a +5 ring of dexterity (left hand)
 s - a ring of stealth (right hand)
 J - a +5 ring of intelligence {unknown}
 P - an uncursed ring of positive energy {unknown}
 V - an uncursed ring of ice {unknown}
 W - an uncursed amulet of harm
Wands
 k - a wand of digging (16)
 y - a wand of iceblast (33)
 F - a wand of random effects (29)
 G - a wand of disintegration (19)
 I - a wand of acid (15)
 K - a wand of flame (81)
 Q - a wand of scattershot (5)
 R - a wand of enslavement (6)
 S - a wand of paralysis (5)
Scrolls
 a - 5 scrolls of remove curse {unknown}
 g - 3 scrolls of immolation {unknown}
 j - 15 scrolls of identify {unknown}
 m - 3 scrolls of amnesia {unknown}
 o - 13 scrolls of teleportation {unknown}
 p - 9 scrolls of magic mapping {unknown}
 r - 6 scrolls of enchant armour {unknown}
 v - 3 scrolls of random uselessness {unknown}
 x - a scroll of brand weapon {unknown}
 E - 3 scrolls of blinking {unknown}
 T - 3 scrolls of vulnerability {unknown}
 X - a scroll of fog {unknown}
Potions
 d - 3 potions of might
 h - 2 potions of degeneration {unknown}
 i - 4 potions of invisibility {unknown}
 l - a potion of flight {unknown}
 n - 2 potions of brilliance {unknown}
 t - 2 potions of heal wounds {unknown}
 u - 2 potions of magic {unknown}
 w - 2 potions of ambrosia {unknown}
 z - 2 potions of lignification {unknown}
 A - a potion of agility {unknown}
 B - a potion of resistance
 C - 3 potions of haste {unknown}
 U - a potion of curing
Miscellaneous
 Z - a lightning rod (4/4)
Comestibles
 f - 26 rations
 Y - 6 chunks of flesh


   Skills:
 + Level 10.7 Fighting
 * Level 16.5 Axes
 + Level 12.5 Armour
 + Level 9.5 Dodging
 + Level 5.4 Shields
 + Level 13.3 Invocations


You had 13 spell levels left.
You didn't know any spells.
Your spell library contained the following spells:

 Spells                   Type           Power        Failure   Level  Hunger
 Animate Skeleton         Necr           N/A          88%         1    ##.....
 Apportation              Tloc           #.....       88%         1    ##.....
 Beastly Appendage        Tmut           #.....       88%         1    ##.....
 Confusing Touch          Hex            #.....       88%         1    ##.....
 Sandblast                Erth           #.....       88%         1    ##.....
 Summon Butterflies       Summ           #.......     88%         1    ##.....
 Summon Small Mammal      Summ           #...         88%         1    ##.....
 Passwall                 Tmut/Erth      #.......     96%         2    ###....
 Sticks to Snakes         Tmut           #.......     96%         2    ###....
 Sublimation of Blood     Necr           #.........   96%         2    ###....
 Confuse                  Hex            #.......     99%         3    ####...
 Gell's Gravitas          Tloc           #.........   99%         3    ####...
 Lesser Beckoning         Tloc           #.........   99%         3    ####...
 Spider Form              Tmut/Pois      #.........   99%         3    ####...
 Stone Arrow              Conj/Erth      #.....       99%         3    ####...
 Tukima's Dance           Hex            #.......     99%         3    ####...
 Animate Dead             Necr           N/A          100%        4    #####..
 Ice Form                 Ice/Tmut       #.......     100%        4    #####..
 Petrify                  Tmut/Erth      #.......     100%        4    #####..
 Summon Lightning Spire   Summ/Air       #.......     100%        4    #####..
 Alistair's Intoxication  Tmut/Pois      #.......     100%        5    ######.
 Blade Hands              Tmut           #.........   100%        5    ######.
 Excruciating Wounds      Chrm/Necr      #.........   100%        5    ######.
 Lee's Rapid Deconstruct  Erth           #.........   100%        5    ######.
 Metabolic Englaciation   Hex/Ice        #.........   100%        5    ######.
 Silence                  Hex/Air        #.........   100%        5    ######.
 Yara's Violent Unravell  Hex/Tmut       #.........   100%        5    ######.
 Conjure Ball Lightning   Conj/Air       #.........   100%        6    #######
 Deflect Missiles         Chrm/Air       #.........   100%        6    #######
 Invisibility             Hex            #.......     100%        6    #######
 Tornado                  Air            #.........   100%        9    #######
 Regeneration             Chrm/Necr      Unusable     N/A         3    N/A

Dungeon Overview and Level Annotations

Branches:
Dungeon (15/15)            Temple (0/1) D:6            Lair (6/6) D:8
  Swamp (0/4) Lair:2       Spider (0/4) Lair:3        Slime (0/5) Lair:6
    Orc (2/2) D:9          Vaults (0/5) D:13         Depths (0/5) D:15
    Elf: Orc:2

Altars:
Ashenzari
Dithmenos
Makhleb
Nemelex Xobeh
Okawaru
Sif Muna
Uskayaw
Vehumet
Wu Jian
Xom
Zin
The Shining One
Beogh

Shops:
D:4 [

Annotations:
D:7 exclusion: ice statue
Lair:1 1 runed door, exclusion: oklob plant, Rueph's ghost, journeyman DsGl
Lair:4 exclusion: downstairs
Orc:1 1 transporter


Innate Abilities, Weirdness & Mutations

You are resistant to damage.
You can heal yourself by infusing magical energy.
You resist negative energy. (rN+)
You passively map the area around you.
You do not regenerate.


Message History

Your hellwing hits the orc warrior! You block the orc warrior's attack.
Things that are here:
a flail; a ring mail You slice the orc warrior!!
You kill the orc warrior!
Makhleb accepts your kill.
You feel better.
You hear a shout!
An orc warrior comes into view. It is wielding a dire flail.
You swap places.
Items here: ( ))) [[[ † You hit the orc warrior.
The orc warrior is lightly wounded.
The orc warrior hits you with a dire flail!
* * * LOW HITPOINT WARNING * * *
You slash the orc warrior!
The orc warrior is severely wounded.
The orc warrior suddenly grunts.
The orc warrior hits you with a dire flail!
You die...

, .......... ,, , , ,
, ,............ , ,
,,...........# * **
............# , ,
.............# , ,
.............# , #, ,
, .............# ,.# *
* *,
#......)).53###'##..o
,, , ,
#.....()))4@oo......
,#........(5###'##...,
, ,* #........[)# , o#
, , *** ##....())..)#
#, #.....).)...# , , *
* ##....#))....# * * *
* #........##......, ,
, ##.......##...... ,
, , ,
#.....(..#######* * *
*


You could see 2 orc warriors, a friendly hellwing, a friendly neqoxec, a
friendly iron imp and a friendly shadow imp.

Vanquished Creatures
  Rupert (D:15)
  A minotaur (Lab)
  A yaktaur captain (D:15)
  Erolcha (D:9)
  2 hydras
  4 vault guards (D:13)
  4 centaur warriors
  3 two-headed ogres
  Sonja (Lair:4)
  Nergalle (Lair:4)
  2 unseen horrors
  8 orc knights
  7 ugly things
  2 manticores
  2 cyclopes
  An elephant (Lair:3)
  3 black mambas
  Psyche (D:11)
  3 centaur skeletons
  7 spiny frogs
  A gargoyle (D:14)
  2 rime drakes
  6 komodo dragons
  A tengu conjurer (D:13)
  A yaktaur (D:15)
  A troll (D:10)
  A hornet (D:12)
  10 hippogriffs
  6 dream sheep
  3 wyverns
  48 yaks
  4 wraiths
  A hog (shapeshifter) (D:13)
  A basilisk (D:13)
  2 vampires
  3 hungry ghosts
  Eustachio (D:6)
  A steam dragon (D:11)
  2 hogs (D:15)
  8 vampire mosquitoes
  3 wargs
  2 acid dragons
  12 water moccasins
  Duvessa (D:4)
  2 porcupines
  5 ice beasts
  2 sky beasts
  30 orc warriors
  2 phantoms
  An eye of draining (D:13)
  2 wolves (Lair:2)
  11 ogres
  6 centaurs
  9 crocodiles
  12 bullfrogs
  A water moccasin zombie (D:10)
  Dowan (D:4)
  A wyvern skeleton (D:11)
  4 scorpions
  6 killer bees (D:10)
  4 wights (D:15)
  3 howler monkeys (D:9)
  3 electric eels (D:12)
  8 crimson imps
  2 bullfrog zombies
  2 quasits
  6 centaur zombies
  2 hounds
  3 jellies (D:10)
  17 orc wizards
  10 orc priests
  A bullfrog skeleton (D:7)
  4 iguanas
  9 worker ants
  3 hound skeletons
  2 worker ant zombies
  A howler monkey zombie (D:7)
  11 adders
  3 shadow imps
  An adder zombie (D:8)
  2 worms (Lair:3)
  A dart slug (D:1)
  2 leopard geckos
  91 orcs
  A ball python (D:1)
  A bat (D:2)
  A giant cockroach (Lair:3)
  4 goblins (D:2)
  A hobgoblin (D:1)
  2 kobolds
  5 quokkas
  3 frilled lizards
  A leopard gecko skeleton (D:5)
  4 rats (D:2)
  A fungus (Lair:5)
  2 plants
488 creatures vanquished.

Vanquished Creatures (collateral kills)
  Kirke (D:15)
  Snorg (D:11)
  A catoblepas (Lair:4)
  A death knight (D:15)
  5 hydras
  Urug (D:11)
  A skeletal warrior (D:15)
  An unseen horror (D:15)
  A phantasmal warrior (D:15)
  A cyclops (D:15)
  An ugly thing (D:14)
  3 elephants (Lair:3)
  A komodo dragon (Lair:5)
  A troll (D:11)
  A polar bear (Lair:5)
  2 hornets
  A dream sheep (Lair:5)
  A hippogriff (Lair:3)
  5 hogs (D:15)
  2 yaks (Lair:5)
  A basilisk (Lair:4)
  A porcupine (Lair:5)
  An ogre (D:11)
  2 wolves (Lair:2)
  2 centaurs (D:11)
  3 crocodiles
  A bullfrog (Lair:4)
  2 scorpions (Lair:3)
  A hound (D:11)
  An iguana (D:11)
  A worker ant (Lair:3)
  5 orcs (Orc:2)
  2 fungi
55 creatures vanquished.

Vanquished Creatures (others)
  A warg (Orc:2)
  A fungus (Lair:5)
  3 plants
5 creatures vanquished.

Grand Total: 548 creatures vanquished

Notes
Turn   | Place    | Note
-------+----------+-------------------------------------------
     0 | D:1      | Flugkiller the Deep Dwarf Fighter began the quest for the Orb.
     0 | D:1      | Reached XP level 1. HP: 20/20 MP: 1/1
    91 | D:2      | Reached XP level 2. HP: 27/27 MP: 2/2
   119 | D:2      | Found a sparkling altar of Nemelex Xobeh.
   130 | D:2      | Reached skill level 3 in Axes
   221 | D:2      | Found a glowing golden altar of the Shining One.
   276 | D:2      | Reached XP level 3. HP: 34/34 MP: 3/3
   359 | D:4      | Found Leckatheej's Armour Emporium.
   374 | D:4      | Reached XP level 4. HP: 42/42 MP: 4/4
   386 | D:4      | Noticed a hand axe
   388 | D:4      | Found a hide-covered altar of Uskayaw.
   388 | D:4      | Noticed a hand axe
   427 | D:4      | Noticed Duvessa
   428 | D:4      | Noticed Dowan
   438 | D:4      | Killed Duvessa
   438 | D:4      | Reached skill level 4 in Axes
   438 | D:4      | Reached XP level 5. HP: 43/49 MP: 5/5
   460 | D:4      | Killed Dowan
   460 | D:4      | Reached skill level 5 in Axes
   511 | D:4      | Found an ornate altar of the Wu Jian Council.
   585 | D:4      | Reached XP level 6. HP: 45/57 MP: 5/5
   646 | D:4      | Found an iron altar of Okawaru.
   876 | D:5      | Entered Level 5 of the Dungeon
   939 | D:5      | Reached skill level 5 in Armour
   967 | D:5      | Reached skill level 6 in Axes
  1161 | D:5      | Reached XP level 7. HP: 48/64 MP: 5/5
  1236 | D:5      | Found a radiant altar of Vehumet.
  1238 | D:5      | Found a burning altar of Makhleb.
  1298 | D:5      | Became a worshipper of Makhleb the Destroyer
  2255 | D:6      | Found a staircase to the Ecumenical Temple.
  2334 | D:6      | Found a deep blue altar of Sif Muna.
  2414 | D:6      | Noticed Eustachio
  2427 | D:6      | Killed Eustachio
  2427 | D:6      | Reached skill level 1 in Invocations
  2554 | D:7      | Reached skill level 7 in Axes
  2560 | D:7      | Reached XP level 8. HP: 58/73 MP: 6/6
  2605 | D:7      | Noticed a hippogriff
  2611 | D:7      | Killed a hippogriff
  2611 | D:7      | Reached skill level 5 in Fighting
  2656 | D:7      | Noticed an ice statue
  2722 | D:7      | Noticed a hippogriff
  2738 | D:7      | Killed a hippogriff
  2738 | D:7      | Reached skill level 8 in Axes
  2804 | D:7      | Gained mutation: You passively map the area around you. [Deep Dwarf growth]
  2804 | D:7      | Reached XP level 9. HP: 36/82 MP: 9/9
  2890 | D:7      | Found a shadowy altar of Dithmenos.
  2898 | D:7      | Reached skill level 9 in Axes
  2898 | D:7      | Reached skill level 5 in Invocations
  3478 | D:8      | Reached * piety under Makhleb
  3709 | D:8      | Reached skill level 10 in Axes
  3753 | D:8      | Found a staircase to the Lair.
  3827 | D:8      | Reached ** piety under Makhleb
  4086 | D:8      | Found a shattered altar of Ashenzari.
  4246 | D:9      | Reached XP level 10. HP: 27/92 MP: 9/9
  4409 | D:9      | Found a staircase to the Orcish Mines.
  4472 | D:9      | Noticed Erolcha
  4486 | D:9      | Killed Erolcha
  4486 | D:9      | Reached skill level 11 in Axes
  4738 | D:9      | Found a glowing silver altar of Zin.
  4846 | D:10     | Entered Level 10 of the Dungeon
  4854 | D:10     | Noticed a centaur warrior
  4859 | D:10     | Reached *** piety under Makhleb
  4875 | D:10     | Killed a centaur warrior
  5062 | D:10     | Reached skill level 12 in Axes
  5446 | D:11     | Noticed a cyan ugly thing
  5447 | D:11     | Noticed a purple ugly thing
  5467 | D:11     | Killed a brown ugly thing
  5467 | D:11     | Reached XP level 11. HP: 82/102 MP: 9/9
  5470 | D:11     | Killed a brown ugly thing
  5671 | D:11     | Noticed Snorg
  5679 | D:11     | Killed Snorg
  5713 | D:11     | Noticed Urug
  5723 | D:11     | Killed Urug
  5753 | D:11     | Paralysed by a hornet for 1 turns
  5873 | D:11     | Noticed Psyche
  5880 | D:11     | Killed Psyche
  6134 | D:11     | Reached **** piety under Makhleb
  6383 | Lair:1   | Entered Level 1 of the Lair of Beasts
  6498 | Lair:1   | Found a runed door.
  6499 | Lair:1   | Found a shimmering altar of Xom.
  6499 | Lair:1   | Noticed Rueph's ghost (journeyman DsGl)
  6500 | Lair:1   | Noticed a rapier of chaos
  6679 | D:4      | Bought a +2 chain mail of poison resistance for 222 gold pieces
  6971 | Lair:1   | Noticed an oklob plant
  6979 | Lair:1   | Reached skill level 13 in Axes
  7296 | Lair:2   | Found a staircase to the Swamp.
  7301 | Lair:2   | Reached skill level 10 in Armour
  7369 | Lair:2   | Noticed a seven-headed hydra
  7376 | Lair:2   | Killed a nine-headed hydra
  7376 | Lair:2   | Reached skill level 10 in Invocations
  7583 | Lair:2   | Noticed a six-headed hydra
  7595 | Lair:2   | Killed a ten-headed hydra
  7952 | Lair:2   | Got a heavily runed plate armour
  8016 | Lair:3   | Noticed a six-headed hydra
  8032 | Lair:3   | Killed a six-headed hydra
  8097 | Lair:3   | Reached XP level 12. HP: 53/112 MP: 11/11
  8152 | Lair:3   | Found a hole to the Spider Nest.
  8678 | Lair:3   | Reached skill level 1 in Dodging
  9031 | Lair:4   | Reached skill level 14 in Axes
  9085 | Lair:4   | Found a labyrinth entrance.
  9129 | Lab      | Entered a labyrinth
  9187 | Lab      | Noticed a minotaur
  9208 | Lab      | Killed a minotaur
  9211 | Lab      | Identified the Volume of Mutagenic Stolen Souls
  9212 | Lab      | Found the +7 mace of Variability {chain chaos}
  9234 | Lair:4   | Noticed Sonja
  9247 | Lair:4   | Killed Sonja
  9432 | Lair:4   | Noticed a catoblepas
  9473 | Lair:4   | Killed a catoblepas
  9529 | Lair:4   | Noticed Nergalle
  9535 | Lair:4   | Killed Nergalle
  9905 | Lair:5   | Noticed a five-headed hydra
 10064 | Lair:5   | Reached skill level 5 in Dodging
 10105 | Lair:5   | Killed a seven-headed hydra
 10193 | Lair:5   | Reached XP level 13. HP: 121/121 MP: 12/12
 10889 | Lair:6   | Entered Level 6 of the Lair of Beasts
 11571 | D:4      | Bought the cursed +1 ring mail "Ycwenuez" {Slay+5} for 408 gold pieces
 11831 | D:12     | Paralysed by a hornet for 1 turns
 12176 | D:12     | Reached skill level 15 in Axes
 12556 | D:13     | Found a gate to the Vaults.
 12571 | D:13     | HP: 6/123 [vault guard/battleaxe (20)]
 12620 | D:13     | Reached skill level 10 in Fighting
 13380 | D:14     | Gained mutation: You resist negative energy. (rN+) [Deep Dwarf growth]
 13380 | D:14     | Reached XP level 14. HP: 53/132 MP: 12/12
 13901 | D:14     | Reached ***** piety under Makhleb
 13928 | D:15     | Entered Level 15 of the Dungeon
 14297 | D:15     | Reached skill level 16 in Axes
 14304 | D:15     | Found a staircase to the Depths.
 14442 | D:15     | HP: 2/133 [phantasmal warrior[a death knight] (23)]
 14492 | D:15     | Noticed Kirke
 14501 | D:15     | Killed Kirke
 14601 | D:15     | Noticed Rupert
 14620 | D:15     | Killed Rupert
 14620 | D:15     | Reached skill level 5 in Shields
 14850 | Orc:1    | Entered Level 1 of the Orcish Mines
 15093 | Orc:1    | Found a transporter.
 15233 | Orc:1    | Found a roughly hewn altar of Beogh.
 15392 | Orc:2    | Entered Level 2 of the Orcish Mines
 15697 | Orc:2    | HP: 6/133 [orc warrior/short sword (11)]
 15715 | Orc:2    | Slain by an orc warrior

Skill      XL: |  1  2  3  4  5  6  7  8  9 10 11 12 13 14 |
---------------+-------------------------------------------+-----
Fighting       | 3 4 5 6 7 8 9 10 | 10.7
Axes           | 3 4 5 6 7 8 10 12 13 14 15 16 | 16.5
Armour         | 4 5 6 8 9 10 11 12 | 12.5
Invocations    | 2 4 6 8 10 11 12 13 | 13.3
Dodging        | 5 8 9 |  9.5
Shields        | 5 |  5.4

Action                   |  1- 3 |  4- 6 |  7- 9 | 10-12 | 13-15 || total
-------------------------+-------+-------+-------+-------+-------++-------
Melee: War axe           |    56 |   103 |   297 |   547 |   118 ||  1121
       Broad axe         |       |       |       |    15 |   651 ||   666
Invok: Lesser Servant of |       |       |       |    15 |    17 ||    32
       Greater Servant o |       |       |       |       |     1 ||     1
 Abil: Heal Wounds       |       |     2 |    19 |    29 |    43 ||    93
Evoke: Wand              |       |       |       |     2 |     7 ||     9
 Stab: Distracted        |       |       |       |     7 |     4 ||    11
       Paralysed         |       |       |       |     3 |       ||     3
       Petrified         |       |       |       |     1 |       ||     1
       Sleeping          |       |       |       |       |     5 ||     5
  Eat: Chunk             |       |     1 |     7 |    24 |    20 ||    52
       Ration            |       |       |     1 |       |       ||     1
Armor: Scale mail        |    34 |    31 |   109 |   122 |       ||   296
       Chain mail        |       |       |       |   176 |    64 ||   240
       Ring mail         |       |       |       |       |   191 ||   191
Dodge: Dodged            |    17 |    27 |    82 |   146 |   359 ||   631
Block: Shield            |    27 |    53 |   156 |   294 |   367 ||   897
